 Dungeon Crawl Stone Soup version 0.30-a0-371-gad7725a93e (webtiles) character file.

Game seed: 1663430159990091990

138 sanka the Conjurer (level 4, 0/36 HPs)
             Began as a Demigod Reaver on Nov 22, 2022.
             Slain by a black bear (9 damage)
             ... on level 4 of the Dungeon.
             The game lasted 00:03:49 (2644 turns).

sanka the Conjurer (Demigod Reaver)                 Turns: 2644, Time: 00:03:50

Health: 0/36       AC:  2    Str: 13    XL:     4   Next: 70%
Magic:  16/18      EV: 12    Int: 19    God:
Gold:   205        SH:  0    Dex: 12    Spells: 4/7 levels left

rFire   + . .      SeeInvis .    a - +2 whip (drain)
rCold   . . .      Faith    .    (no shield)
rNeg    . . .      Spirit   .    o - +0 robe
rPois   .          Reflect  .    (no helmet)
rElec   .          Harm     .    (no cloak)
rCorr   .          Rampage  .    (no gloves)
Will    .....                    (no boots)
Stlth   +.........               (no amulet)
HPRegen 0.26/turn                l - ring of protection from fire
MPRegen 0.16/turn                g - ring of magical power

@: immotile
A: high MP 1, forlorn, divine attributes
a: no special abilities


You were on level 4 of the Dungeon.
You visited 1 branch of the dungeon, and saw 4 of its levels.

You collected 205 gold pieces.


Innate Abilities, Weirdness & Mutations

You have an increased reservoir of magic. (+10% MP)
You shall have no god before yourself.
Your divine heritage dramatically boosts your attributes as you level up.


   Skills:
 - Level 1.7 Fighting
 - Level 2.6 Maces & Flails
 - Level 1.7 Dodging
 - Level 2.0 Spellcasting
 + Level 5.0 Conjurations
 + Level 0.4 Necromancy
 + Level 0.4 Translocations


You had 4 spell levels left.
You knew the following spells:

 Your Spells              Type           Power      Damage    Failure   Level
u - Momentum Strike       Conj/Tloc      24%        3d8       9%          2
y - Kiss of Death         Conj/Necr      48%        2d9       5%          1

Your spell library contained the following spells:

 Spells                   Type           Power      Damage    Failure   Level
 Hailstorm                Conj/Ice       11%        3d5       19%         3
 Malign Gateway           Summ/Tloc      1%         N/A       100%        7
 Summon Horrible Things   Summ           0%         N/A       100%        8

Inventory:

Hand Weapons
 a - a +2 whip of draining (weapon)
 b - a +0 mace
Missiles
 r - a throwing net {=f}
Armour
 o - a +0 robe (worn)
Jewellery
 g - a ring of magical power (right hand)
 l - a ring of protection from fire (left hand)
Wands
 n - a wand of polymorph (10)
Scrolls
 c - 2 scrolls of teleportation {unknown}
 e - a scroll of vulnerability {unknown}
 f - a scroll of immolation {unknown}
 k - 4 scrolls of identify {unknown}
 p - a scroll of poison {unknown}
 q - a scroll of fog {unknown}
Potions
 d - 4 potions of mutation {unknown}
 h - 2 potions of attraction {unknown}
 i - a potion of might {unknown}
 j - a potion of brilliance {unknown}
 m - a potion of berserk rage {unknown}

Dungeon Overview and Level Annotations

Branches:
Dungeon (4/15) Temple: D:4-7 ...▒ ▒ho ▒▒.l▒▒▒ ▒.▒ ...▒ ▒.. ▒▒..▒▒ ▒o▒ ...▒ ▒gl

▒▒..▒.▒▒▒▒▒.▒▒▒▒▒▒▒▒▒
...▒
▒..▒..▒)▒▒......[†......
...▒
▒..o▒.▒.▒▒▒▒▒g▒▒▒▒▒▒▒▒▒
▒..▒▒▒▒▒▒▒▒▒▒▒▒▒▒▒.▒ ▒g▒
▒..▒...........▒...▒▒▒.▒
▒..▒.▒▒▒...▒.▒.h.....▒.▒
▒[.▒.▒▒▒▒.▒▒....p......▒
▒..▒........[........▒.▒
▒....▒▒▒▒.▒▒▒▒▒▒...▒▒▒...
▒▒........▒▒▒▒▒▒...▒
▒▒▒▒▒
...............▒▒.▒▒
▒▒▒▒▒▒▒▒▒▒▒▒▒▒....▒
▒▒▒▒▒▒


You could see a black bear (berserk).


Message History

The orc dies!
You are unable to move.
You start resting.
You are no longer robbed of momentum.
You start resting.
Magic restored.
HP restored.
A black bear is nearby!
A black bear is nearby!
The black bear growls angrily.
The black bear bites you! The black bear claws you.
The black bear barely misses you.
The concentrated momentum hits the black bear!!
You are unable to move.
The black bear goes berserk!
You closely miss the black bear.
The black bear is almost dead.
The black bear barely misses you. The black bear misses you.
The black bear claws you! The black bear closely misses you.
The black bear claws you.
* * * LOW HITPOINT WARNING * * *
The black bear claws you!
* * * LOW HITPOINT WARNING * * *
You hit the black bear.
The black bear is almost dead.
The black bear bites you!
You die...

Action                   |  1- 3 |  4- 6 || total
-------------------------+-------+-------++-------
Melee: Mace              |    80 |     5 ||    85
       Whip              |    19 |    52 ||    71
       Punch             |       |     1 ||     1
 Cast: Momentum Strike   |     1 |     4 ||     5
 Stab: Sleeping          |     1 |       ||     1
Armor: Leather armour    |    26 |       ||    26
       Robe              |     9 |     5 ||    14
Dodge: Dodged            |    65 |    35 ||   100

Levels and vault maps discovered:
D:1:      mrwooster_arrival_statue_3, layout_basic
D:2:      layout_rooms, serial_corexii_hall, corexii_hall_statues_i,
          corexii_hall_statues_l, chequers_hall_statues_corner_a
D:3:      layout_basic, overflow_temple_1_default,
          mainiacjoe_overflow_concentric_impassable,
          mainiacjoe_overflow_cross_hatched, minmay_quadrilaterals
D:4:      minmay_diamond_boxcup, layout_loops_ring, minitemple,
          minmay_temple_entry_poolview, minmay_shop_grid_forest

Notes
Turn   | Place    | Note
-------+----------+-------------------------------------------
     0 | D:1      | sanka the Demigod Reaver began the quest for the Orb.
     0 | D:1      | Reached XP level 1. HP: 17/17 MP: 5/5
   125 | D:1      | Reached skill level 2 in Spellcasting
   125 | D:1      | Reached skill level 3 in Conjurations
   191 | D:1      | Reached XP level 2. HP: 17/24 MP: 7/7
  1387 | D:3      | Learned a level 2 spell: Momentum Strike
  1396 | D:3      | Reached XP level 3. HP: 29/29 MP: 8/8
  1484 | D:3      | Reached skill level 4 in Conjurations
  1506 | D:3      | Noticed a necrophage
  1522 | D:3      | Killed a necrophage
  1523 | D:3      | Reached XP level 4. HP: 11/36 MP: 9/9
  1528 | D:3      | HP: 1/36 [goblin/+0 club (3)]
  2475 | D:4      | Noticed a black bear
  2532 | D:4      | Reached skill level 5 in Conjurations
  2644 | D:4      | Slain by a black bear

Vanquished Creatures
  A necrophage (D:3)
  2 adders (D:3)
  2 gnolls (D:4)
  3 worms (D:3)
  A dart slug (D:1)
  4 bats
  3 endoplasms
  4 giant cockroaches
  6 goblins
  3 hobgoblins
  4 jackals
  2 quokkas
  3 ball pythons
  3 frilled lizards
  3 kobolds
  3 rats
47 creatures vanquished.

Vanquished Creatures (others)
  An iguana (D:4)
  An orc (D:4)
  A goblin (D:3)
3 creatures vanquished.

Grand Total: 50 creatures vanquished
